 Dungeon Crawl Stone Soup version 0.17-a0-1731-g129c023 (webtiles) character file.

109 Gorice the Skirmisher (level 4, -2/39 HPs)
             Began as a Mummy Wanderer on Aug 23, 2015.
             Slain by Menkaure (18 damage)
             ... on level 4 of the Dungeon on Aug 29, 2015.
             The game lasted 00:13:22 (2765 turns).

Gorice the Skirmisher (Mummy Wanderer)              Turns: 2765, Time: 00:13:22

Health: -2/39      AC:  9    Str: 15    XL:     4   Next: 59%
Magic:  4/4        EV:  6    Int: 11    God:
Gold:   133        SH:  0    Dex: 12    Spells: 0 memorised, 3 levels left

rFire  x . .     SeeInvis .     a - +0 falchion
rCold  + . .     Clarity  .     g - +0 chain mail
rNeg   + + +     SustAt   +     (no shield)
rPois  ∞         Gourm    .     (no helmet)
rElec  .         Spirit   .     h - +0 cloak
rCorr  .         Warding  .     (no gloves)
rMut   .         Stasis   .     (no boots)
MR     .....                    (no amulet)
Stlth  ..........               t - ring of sustain attributes
                                s - ring of flight

@: not resistant to hostile enchantments, extremely unstealthy
A: no food or potions, fire vulnerability, cold resistance 1, negative energy
resistance 3, torment resistance, unbreathing
a: Evoke Flight


You were on level 4 of the Dungeon.
You were not hungry.

You visited 1 branch of the dungeon, and saw 4 of its levels.

You collected 133 gold pieces.

Inventory:

Hand weapons
 a - a +0 falchion (weapon)
 c - a +2 dagger
 B - a +0 blowgun
Missiles
 e - 26 bolts
 f - 54 sling bullets
 m - 17 poisoned sling bullets
 u - 4 poisoned needles
 Z - 156 stones (quivered)
Armour
 g - a +0 chain mail (worn)
 h - a +0 cloak (worn)
Jewellery
 p - an uncursed ring of magical power
 s - a ring of flight (left hand)
 t - a ring of sustain attributes (right hand)
Magical devices
 o - a wand of flame (24)
Scrolls
 b - 2 scrolls of blinking
 d - a scroll of teleportation {!r}
 i - a scroll of fear {unknown}
 j - a scroll of random uselessness {unknown}
 k - a scroll of amnesia
 l - a scroll of recharging {unknown}
 n - a scroll of remove curse
 q - a scroll of magic mapping {unknown}
 r - 4 scrolls of identify {unknown}


   Skills:
 + Level 5.0 Fighting
 * Level 3.1 Long Blades
   Level 1.0 Axes
 - Level 1.0 Throwing
 - Level 1.0 Armour
 - Level 1.0 Stealth


You had 3 spell levels left.
You didn't know any spells.

Dungeon Overview and Level Annotations

Branches:
Dungeon (4/15)
 Temple: D:4-7

Altars:

Annotations:
D:3 pUX: MiFi ghost!, kae's ghost, average MiFi
D:4 Menkaure


Innate Abilities, Weirdness & Mutations

You do not eat or drink.
Your flesh is vulnerable to fire.
You are immune to poison.
Your flesh is cold resistant.
You are immune to negative energy.
You are immune to unholy pain and torment.
You can survive without breathing.


Message History

You throw a stone. The stone barely misses the iguana.
Throwing (i - inventory):
Z - 155 stones (quivered)
Press: ? - help, Shift-Dir - straight line, f/p - iguana
Aim: an iguana (lightly wounded, poisoned)
You throw a stone. The stone closely misses the iguana.
Throwing (i - inventory):
Z - 154 stones (quivered)
Press: ? - help, Shift-Dir - straight line, f/p - iguana
Aim: an iguana (moderately wounded, poisoned)
You throw a stone.
The stone hits the iguana but does no damage.
The iguana is moderately wounded.
Your chain mail prevents you from hitting the iguana.
The iguana is heavily wounded.
The iguana completely misses you. The iguana bites you.
Damage: 6 (max 6)
Found a scroll labeled ENUGYE SABI.
You hit the iguana.
The iguana is almost dead.
The iguana bites you!
Damage: 11 (max 11)
You hit the iguana.
You kill the iguana!
Your Fighting skill increases to level 5!
Your Long Blades skill increases to level 3!
There is an open door here.
Z - 154 stones (gained 1)
Z - 155 stones (gained 1)
Z - 156 stones (gained 1)
u - 3 poisoned needles (gained 1)
u - 4 poisoned needles (gained 1)
You start resting.
HP restored.
You open the door.
Menkaure, Prince of Dust comes into view.
Menkaure shouts!
There is an open door here.
Menkaure hits you!
Found 14 gold pieces.
Damage: 13 (max 13)
You hit Menkaure.
Menkaure is moderately damaged.
Menkaure casts a spell.
Menkaure seems to speed up.
You hit Menkaure.
Menkaure is moderately damaged.
Menkaure barely misses you.
You closely miss Menkaure.
Menkaure is moderately damaged.
Menkaure hits you! Menkaure hits you!!
You die...

... ..+.. . .... #..#
.....? +. ....
###..######%..# .#...#
..............# .#...##
..............+ .....$#
..............#+#......+
.............>..M......#
..............#.@#
.##..###.##...##'##.##
.##'####'##...#......#
.#....#..............+
.#....+.......#...####
.'....#.......#####
.#....#.......#
.####.####....#
+####.#######.#


You could see Menkaure.

Vanquished Creatures
  A hound (D:3)
  An iguana (D:4)
  An adder (D:3)
  An ooze (D:1)
  2 giant geckos
  A ball python (D:1)
  4 giant cockroaches
  7 goblins
  6 hobgoblins (D:1)
  6 kobolds
  A quokka (D:2)
  5 bats
  2 giant newts (D:1)
  6 rats
44 creatures vanquished.

Notes
Turn   | Place    | Note
--------------------------------------------------------------
     0 | D:1      | Gorice the Mummy Wanderer began the quest for the Orb.
     0 | D:1      | Gorice set off with: a +2 dagger, a scroll of blinking, a +0 falchion, a scroll of teleportation {!r}, a +0 robe
     0 | D:1      | Reached XP level 1. HP: 19/19 MP: 1/1
   248 | D:1      | Reached XP level 2. HP: 19/25 MP: 2/2
   377 | D:1      | Reached skill level 2 in Long Blades
  1129 | D:1      | Reached XP level 3. HP: 26/31 MP: 3/3
  1845 | D:3      | Reached XP level 4. HP: 24/38 MP: 4/4
  2008 | D:3      | Upgraded the game from 0.17-a0-1714-g35622ae to 0.17-a0-1731-g129c023
  2104 | D:3      | Noticed kae's ghost (average MiFi)
  2622 | D:4      | Reached skill level 5 in Fighting
  2622 | D:4      | Reached skill level 3 in Long Blades
  2760 | D:4      | Noticed Menkaure
  2765 | D:4      | Slain by Menkaure

Vault maps used:
D:1:      lemuel_arrival_muddy
D:3:      minmay_misc_feat_rugged
D:4:      minmay_temple_entry_hall, serial_shops, nicolae_shop_behind_doors,
          first_bread, minmay_close_crescents, uniq_menkaure, uniq_edmund

Action                   |  1- 3 |  4- 6 || total
-------------------------+-------+-------++-------
Melee: Falchion          |   131 |    31 ||   162
 Fire: Blowgun           |       |     2 ||     2
Throw: Stone             |    46 |    13 ||    59
  Use: Scroll            |     2 |       ||     2

Table legend:
 A = Turns spent in this place as a percentage of turns spent in the entire game.
 B = Non-inter-level travel turns spent in this place as a percentage of non-inter-level travel turns spent in the entire game.
 C = Inter-level travel turns spent in this place as a percentage of turns spent in this place.
 D = Turns resting spent in this place as a percentage of non-inter-level travel turns spent in this place.
 E = Turns spent auto-exploring this place as a percentage of non-inter-level travel turns spent in this place.
 F = Non-inter-level travel turns spent in this place divided by the number of levels of this place that you've seen.
                   A       B       C       D       E      F
               +-------+-------+-------+-------+-------+----------------------
         Total | 100.0 | 100.0 |   0.5 |   1.6 |   3.9 | 287.0
       Dungeon | 100.0 | 100.0 |   0.5 |   1.6 |   3.9 | 287.0
               +-------+-------+-------+-------+-------+----------------------

Vault maps used:
D:1:      lemuel_arrival_muddy
D:3:      minmay_misc_feat_rugged
D:4:      minmay_temple_entry_hall, serial_shops, nicolae_shop_behind_doors,
          first_bread, minmay_close_crescents, uniq_menkaure, uniq_edmund
